Map: Frost LE

Players

LiquidTLO (TLO)

  • Race: Zerg Zerg
  • League: Grandmaster

VincentChung (MaSa) - Winner!

  • Race: Terran Terran
  • League: Master

Event: Polygon Gaming Invitational 4

VOD

Have the link to the VOD?

Description

Time

  • Played on: Aug. 27, 2016, 3:04 p.m.
  • Length: 15:29

All games in this series

Show
View Real Time Build Order
Export as new Build Order

LiquidTLO Zerg 

Build Orders: Hatch First 

Get SALT Encoding   

  12  0:00  Drone  
  13  0:13  Overlord  
  13  0:17  Drone  
  14  0:31  Drone x2  
  16  0:36  Drone  
  17  0:52  Hatchery  
  17  0:55  Drone  
  17  1:09  Spawning Pool  
  16  1:12  Drone  
  16  1:14  Drone  
  19  1:18  Drone  
  19  1:20  Extractor  
  18  1:29  Drone  
  19  1:39  Overlord  
  19  1:56  Zergling x2  
  19  1:57  Queen  
  22  2:03  Queen, Zergling x2  
  22  2:04  Drone  
  26  2:14  Drone  
  26  2:15  Drone  
  28  2:24  Extractor  
  28  2:29  Hatchery  
  27  2:39  Queen  
  27  2:40  Drone  
  30  2:44  Drone  
  30  2:47  Metabolic Boost  
  30  2:51  Overlord  
  30  2:59  Drone  
  30  3:02  Drone  
  30  3:03  Drone x2  
  30  3:04  Drone  
  35  3:10  Drone  
  36  3:14  Drone  
  37  3:20  Queen  
  37  3:24  Overlord  
  37  3:26  Drone  
  40  3:27  Drone  
  40  3:29  Drone  
  42  3:35  Drone, Baneling Nest  
  42  3:40  Drone  
  43  3:42  Drone x2  
  43  3:45  Drone  
  43  3:48  Overlord  
  46  3:49  Drone  
  46  3:52  Drone  
  48  3:56  Queen  
  48  4:00  Drone  
  51  4:04  Evolution Chamber  
  51  4:06  Drone, Extractor  
  51  4:07  Drone x2  
  52  4:10  Drone  
  52  4:12  Drone  
  52  4:13  Evolution Chamber  
  52  4:15  Drone x2  
  55  4:17  Zergling x2  
  55  4:20  Zergling x2  
  55  4:21  Drone  
  55  4:23  Drone  
  59  4:27  Drone x3  
  59  4:30  Zergling x4  
  64  4:32  Zergling x2  
  64  4:34  Zergling x2  
  64  4:37  Zerg Melee Weapons Level 1  
  66  4:41  Overlord  
  66  4:42  Spore Crawler  
  66  4:45  Zergling x2  
  66  4:50  Zerg Ground Armor Level 1, Baneling  
  66  4:51  Baneling x2  
  66  4:54  Overlord  
  66  4:58  Overlord  
  66  5:01  Zergling x2  
  66  5:02  Zergling x4  
  70  5:07  Drone x5  
  70  5:12  Baneling x2  
  70  5:13  Zergling x4  
  76  5:14  Overlord  
  76  5:15  Zergling x4  
  76  5:18  Zergling x2  
  76  5:19  Zergling x2  
  76  5:21  Zergling x2  
  80  5:22  Spine Crawler  
  80  5:24  Zergling x2  
  80  5:27  Lair  
  80  5:32  Zergling x8, Extractor  
  80  5:33  Overlord, Extractor  
  82  5:39  Overlord  
  82  5:40  Zergling x4  
  84  5:44  Zergling x4  
  84  5:48  Zergling x4  
  85  5:50  Zergling x2  
  85  5:52  Zergling x2  
  85  5:53  Zergling x2  
  81  5:57  Zergling x4  
  81  5:59  Zergling x2  
  81  6:01  Zergling x2  
  81  6:02  Zergling x2  
  84  6:09  Roach Warren  
  84  6:10  Drone x2  
  84  6:19  Baneling x5  
  84  6:22  Drone  
  84  6:24  Centrifical Hooks  
  85  6:26  Zergling x2, Drone x2  
  85  6:28  Extractor  
  85  6:29  Hatchery, Extractor  
  85  6:32  Zerg Melee Weapons Level 2  
  85  6:33  Drone  
  85  6:34  Drone  
  85  6:39  Drone x3  
  85  6:41  Drone  
  85  6:43  Drone x2  
  85  6:46  Overlord  
  88  6:49  Overlord  
  88  6:50  Overlord  
  88  6:52  Overseer  
  82  6:55  Zergling x2  
  82  6:58  Overlord  
  82  6:59  Drone  
  82  7:01  Zergling x4  
  80  7:03  Zerg Ground Armor Level 2  
  80  7:08  Zergling x4  
  78  7:09  Zergling x2  
  78  7:11  Queen  
  78  7:14  Zergling x4  
  86  7:15  Roach  
  86  7:18  Baneling x5  
  86  7:23  Roach x2  
  86  7:27  Drone x2  
  92  7:30  Drone  
  93  7:37  Drone  
  93  7:38  Drone  
  93  7:41  Ravager  
  93  7:42  Spore Crawler, Drone  
  93  7:43  Spore Crawler, Drone x4  
  99  7:44  Infestation Pit  
  99  7:45  Overseer, Baneling x2  
  99  7:47  Roach  
  99  7:49  Roach  
  102  7:53  Drone  
  102  7:55  Drone x2  
  102  7:56  Ravager x2  
  107  8:01  Drone  
  107  8:03  Zergling x2  
  107  8:04  Zergling x4  
  107  8:05  Overlord  
  111  8:08  Zergling x10  
  111  8:11  Roach  
  117  8:13  Roach  
  117  8:15  Roach x2  
  117  8:17  Zergling x2  
  121  8:20  Zergling x2, Ravager  
  121  8:21  Ravager, Baneling x3  
  121  8:22  Baneling  
  121  8:23  Zergling x2  
  121  8:26  Pathogen Glands  
  124  8:28  Zergling x2  
  124  8:29  Zergling x2  
  124  8:32  Zergling x2  
  127  8:34  Zergling x2  
  127  8:35  Zergling x2  
  127  8:37  Zergling x2  
  127  8:38  Zergling x4  
  130  8:43  Zergling x4  
  130  8:44  Ravager  
  130  8:45  Zergling x2, Baneling x2  
  130  8:46  Zergling x2  
  133  8:49  Zergling x2  
  129  9:01  Zergling x2  
  126  9:05  Zergling x6  
  126  9:07  Zergling x2  
  126  9:09  Infestor, Hive  
  127  9:18  Overlord  
  127  9:20  Extractor  
  127  9:21  Spine Crawler x2, Extractor  
  127  9:22  Baneling  
  127  9:23  Baneling x12  
  127  9:24  Spore Crawler  
  122  9:27  Zergling x2, Spine Crawler  
  122  9:28  Zergling x2  
  122  9:29  Zergling x2  
  122  9:30  Zergling x2  
  125  9:31  Infestor  
  125  9:36  Drone  
  125  9:38  Zergling x4  
  130  9:39  Zergling x2  
  130  9:40  Zergling x4  
  133  9:46  Drone  
  133  9:47  Drone  
  133  9:50  Zergling x2  
  133  9:51  Drone  
  135  9:56  Drone  
  135  9:59  Spore Crawler  
  135  10:00  Overlord, Spore Crawler  
  135  10:02  Overlord  
  135  10:06  Overlord  
  134  10:08  Overlord  
  134  10:13  Ravager  
  136  10:14  Ravager  
  136  10:15  Overlord  
  136  10:21  Zerg Ground Armor Level 3, Adrenal Glands, Zerg Melee Weapons Level 3  
  136  10:23  Ultralisk Cavern  
  136  10:27  Infestor x2  
  136  10:28  Zergling x2  
  140  10:31  Zergling x2  
  140  10:33  Zergling x4  
  140  10:35  Zergling x2  
  142  10:36  Zergling x2  
  142  10:37  Zergling x2  
  142  10:39  Drone  
  145  10:44  Infestor x2  
  145  10:46  Spore Crawler x2, Zergling x2  
  145  10:47  Zergling x4  
  145  10:48  Zergling x2  
  151  10:52  Drone  
  151  10:53  Zergling x2  
  151  10:54  Drone x2  
  151  10:56  Zergling x2  
  156  10:58  Zergling x4  
  150  11:13  Infestor  
  150  11:14  Chitinous Plating  
  150  11:15  Ultralisk  
  156  11:18  Hatchery  
  156  11:19  Ultralisk  
  156  11:24  Ultralisk  
  167  11:31  Zergling x4  
  167  11:32  Zergling x2  
  164  11:37  Zergling x2  
  164  11:38  Ultralisk  
  164  11:39  Zergling x4  
  162  11:40  Zergling x2  
  162  11:41  Zergling x2  
  162  11:44  Zergling x2  
  160  11:47  Zergling x4  
  160  11:52  Ultralisk  
  162  11:55  Zergling x4  
  162  11:56  Zergling x2  
  162  12:00  Ultralisk  
  165  12:05  Ultralisk  
  165  12:06  Zergling x2  
  165  12:07  Zergling x2  
  165  12:08  Zergling x2  
  170  12:10  Zergling x2  
  170  12:12  Zergling x2  
  170  12:14  Zergling x2  
  170  12:15  Zergling x2  
  169  12:25  Ultralisk, Zergling x2  
  175  12:34  Roach x2  
  175  12:35  Roach  
  175  12:36  Roach  
  171  12:39  Roach x2  
  171  12:41  Zergling x2  
  171  12:42  Zergling x2  
  171  12:43  Zergling x2  
  156  12:47  Zergling x4  
  156  12:50  Zergling x4  
  156  12:51  Zergling x4  
  140  12:58  Ultralisk  
  120  13:06  Ravager x5  
  120  13:07  Ravager  
  120  13:09  Ultralisk  
  114  13:25  Ultralisk  
  114  13:26  Ultralisk  
  118  13:32  Zergling x2  
  118  13:33  Zergling x2  
  109  13:39  Ultralisk  
  109  13:41  Zergling x4  
  114  13:42  Zergling x2  
  114  13:43  Zergling x2  
  110  13:53  Ultralisk  
  99  14:05  Ultralisk  
  98  14:11  Zergling x4  
  98  14:12  Zergling x4  
  98  14:13  Zergling x2  
  93  14:18  Zergling x2  
  93  14:22  Infestor x2  
  92  14:25  Zergling x2  
  91  14:31  Zergling x2  
  91  14:36  Zergling x2  
  91  14:37  Zergling x4  
  91  14:38  Zergling x2  
  92  14:39  Zergling x2  
  92  14:43  Zergling x2  
  94  14:48  Ultralisk, Zergling x2  
  94  14:50  Viper  
  97  14:53  Drone  
  98  15:01  Hatchery  
  97  15:07  Zergling x2  
  97  15:09  Zergling x4  
  97  15:10  Zergling x2  
  97  15:11  Zergling x4  
Show
View Real Time Build Order
Export as new Build Order

VincentChung Terran - Winner!

Build Orders: Reaper Expand, MMM Bio 

Get SALT Encoding   

  12  0:00  SCV  
  13  0:13  SCV  
  14  0:17  Supply Depot  
  14  0:25  SCV  
  15  0:39  SCV  
  15  0:40  Barracks  
  16  0:43  Refinery  
  16  0:51  SCV  
  17  1:03  SCV  
  18  1:15  SCV  
  19  1:28  Reaper, Orbital Command  
  20  1:40  Command Center  
  20  1:51  Barracks  
  20  1:54  SCV  
  20  2:00  Barracks Reactor  
  21  2:05  Supply Depot  
  21  2:08  SCV  
  22  2:15  Refinery  
  22  2:20  SCV  
  23  2:30  Factory  
  23  2:32  SCV  
  23  2:36  Marine x2  
  25  2:45  Barracks Tech Lab, SCV  
  26  2:53  Orbital Command  
  26  2:54  Marine x2  
  26  2:57  SCV  
  29  3:03  Marine  
  29  3:04  Stimpack  
  30  3:09  SCV  
  30  3:12  Marine x2  
  33  3:19  Starport  
  33  3:21  SCV  
  33  3:23  SCV  
  35  3:27  Factory Reactor  
  35  3:28  Marine  
  35  3:30  Marine  
  35  3:31  Marine  
  38  3:34  SCV  
  38  3:36  SCV  
  40  3:42  Supply Depot  
  40  3:46  SCV, Marine  
  40  3:48  SCV, Marine  
  43  3:49  Marine  
  45  3:58  SCV  
  45  4:01  Supply Depot  
  46  4:03  Marine  
  46  4:05  Marine  
  46  4:07  Marine  
  50  4:10  Medivac  
  50  4:11  SCV  
  50  4:13  Medivac  
  54  4:18  Supply Depot  
  54  4:23  Widow Mine, SCV x2, Marine x2  
  60  4:25  Marine  
  60  4:30  Engineering Bay  
  61  4:34  Engineering Bay  
  61  4:35  SCV  
  62  4:40  Medivac, SCV  
  62  4:41  Marine  
  62  4:43  Marine x2  
  68  4:50  Supply Depot  
  68  4:51  SCV  
  69  4:54  SCV  
  69  4:56  Refinery  
  70  5:06  Terran Infantry Armor Level 1, Terran Infantry Weapons Level 1  
  70  5:11  Widow Mine, SCV x2  
  70  5:13  Supply Depot  
  74  5:23  SCV x2, Marine  
  74  5:24  Command Center  
  77  5:29  Supply Depot  
  77  5:31  Combat Shields  
  77  5:32  Marine  
  78  5:36  SCV x2  
  78  5:40  Marine  
  78  5:41  Widow Mine  
  83  5:45  Medivac  
  83  5:48  SCV  
  83  5:49  SCV  
  86  5:54  Marine x2  
  82  6:00  SCV  
  82  6:01  SCV  
  82  6:05  Marine  
  82  6:10  Supply Depot  
  82  6:11  Refinery  
  83  6:12  SCV  
  83  6:13  SCV  
  83  6:15  Barracks  
  83  6:16  Barracks  
  83  6:17  Barracks  
  85  6:18  Factory Reactor  
  85  6:23  Marine  
  85  6:24  SCV  
  85  6:25  SCV  
  88  6:29  Medivac  
  90  6:33  Armory  
  90  6:34  Medivac  
  90  6:38  SCV  
  90  6:41  SCV  
  91  6:48  Marine x3  
  95  6:56  SCV  
  95  6:57  SCV  
  95  6:58  Widow Mine  
  95  6:59  Widow Mine  
  95  7:06  Marine x3  
  96  7:09  Barracks Reactor x3  
  96  7:10  SCV  
  96  7:11  SCV  
  96  7:20  Terran Infantry Weapons Level 2  
  96  7:23  Refinery  
  96  7:24  Marine  
  96  7:25  SCV x2  
  96  7:28  Barracks x2  
  96  7:29  Terran Infantry Armor Level 2, Barracks  
  99  7:36  Marine x2  
  101  7:38  SCV x2  
  101  7:44  Orbital Command  
  103  7:46  Widow Mine x2  
  103  7:47  Marine  
  103  7:48  Marine x2  
  110  7:57  Marine x3  
  110  7:58  Marine x2  
  115  8:01  Marine  
  115  8:03  SCV  
  117  8:07  Supply Depot  
  117  8:09  Supply Depot  
  117  8:10  Supply Depot  
  117  8:15  SCV, Marine  
  117  8:16  Barracks Tech Lab x3  
  117  8:23  Supply Depot, Factory  
  117  8:24  Supply Depot  
  117  8:27  Terran Vehicle Weapons Level 1  
  117  8:29  Supply Depot, Marine x4  
  117  8:30  SCV, Factory Tech Lab  
  117  8:33  Supply Depot  
  122  8:34  SCV, Supply Depot  
  122  8:36  Marine x2  
  122  8:38  Marauder  
  127  8:43  Marauder  
  127  8:45  Marine x4  
  129  8:59  Supply Depot  
  129  9:00  Siege Tank, Supply Depot  
  131  9:06  Supply Depot  
  131  9:13  Factory Tech Lab  
  130  9:18  Marine  
  130  9:19  Marine x2  
  130  9:22  Supply Depot, Marauder  
  130  9:23  Supply Depot  
  137  9:24  Marauder  
  137  9:28  Supply Depot  
  140  9:31  Siege Tank  
  140  9:32  Siege Tank  
  140  9:34  Marauder  
  140  9:35  Marine x4  
  140  9:37  Medivac  
  151  9:41  Medivac  
  151  9:44  Concussive Shells, Marauder  
  155  9:51  Marine  
  154  9:58  Terran Infantry Weapons Level 3  
  154  10:03  Siege Tank  
  154  10:04  Terran Infantry Armor Level 3  
  154  10:06  Marauder  
  159  10:08  Marauder  
  159  10:10  Marine  
  162  10:15  Refinery, Siege Tank  
  165  10:24  Command Center  
  165  10:34  Marine x3, Marauder x3  
  165  10:35  Marauder  
  173  10:40  Supply Depot  
  173  10:41  Supply Depot  
  170  10:54  Terran Vehicle Weapons Level 2, Siege Tank x2  
  170  10:56  Marauder  
  178  10:58  Marine, Marauder  
  178  11:02  Marine x3, Marauder  
  186  11:05  Supply Depot  
  186  11:10  Supply Depot  
  181  11:12  Marauder  
  181  11:17  Marauder  
  185  11:20  Marauder  
  187  11:26  Siege Tank x2  
  177  11:37  Marine x2, Marauder x2  
  177  11:38  Marauder  
  171  11:46  Marine x4  
  169  11:52  Medivac  
  164  11:57  Marauder  
  164  11:58  Siege Tank x2  
  164  11:59  Marauder x2  
  166  12:09  Planetary Fortress  
  166  12:11  Marine x2  
  166  12:12  Marauder  
  167  12:17  Marine x2  
  167  12:19  Marauder, Marine  
  167  12:20  Marauder  
  175  12:23  Marauder  
  175  12:25  Marine x2  
  177  12:30  Siege Tank, Marine  
  177  12:33  Marauder  
  177  12:35  Marine  
  174  12:40  Marauder, Marine  
  174  12:41  Marauder  
  174  12:42  Marine  
  173  12:48  Medivac  
  173  12:49  Medivac  
  162  12:51  Marine  
  162  12:54  Marauder  
  157  13:01  Marine  
  157  13:02  Marauder x2  
  157  13:03  Marine  
  157  13:05  Marine x2  
  158  13:11  Siege Tank  
  162  13:13  Marine  
  158  13:24  Marine  
  158  13:25  Marine, Marauder x2  
  148  13:29  Marine x2  
  145  13:40  Marauder x2, Marine  
  150  13:42  Command Center  
  150  13:46  Medivac x2  
  158  13:48  Marauder x2  
  158  13:55  Siege Tank  
  151  14:01  Marine  
  151  14:02  Marauder x2  
  137  14:10  Marauder x2  
  137  14:14  Siege Tank  
  137  14:16  Medivac x2  
  138  14:23  Marine x4, Marauder x2  
  139  14:27  Siege Tank, Marine  
  144  14:31  Marauder  
  143  14:43  Marine x2, Marauder  
  143  14:44  Marine x2  
  143  14:45  Marauder  
  148  14:46  Medivac x2, SCV, Siege Tank  
  154  15:03  Command Center  
  154  15:04  Refinery  
Tags
 
Add a new tag
Caveats
  • Supply blocks, unpowered buildings, or Contaminate may cause inaccurate times.
  • Supply counts are checked every 10 seconds.